 Dungeon Crawl Stone Soup version 0.31-a0-1009-g454b1f1e0a (webtiles) character file.

Game seed: 328702867312344133

297 BinkBink the Trooper (level 6, -1/48 HPs)
             Began as a Demonspawn Fighter on Nov 14, 2023.
             Slain by Grinder (9 damage)
             ... on level 4 of the Dungeon.
             The game lasted 00:03:10 (2614 turns).

BinkBink the Trooper (Demonspawn Fighter)           Turns: 2614, Time: 00:03:11

Health: -1/48      AC:  8    Str: 18    XL:     6   Next: 12%
Magic:  6/6        EV:  9    Int: 10    God:
Gold:   177        SH:  5    Dex: 12    Spells: 5/5 levels left

rFire   . . .        a - +0 war axe
rCold   . . .        c - +0 buckler
rNeg    . . .        b - +0 scale mail
rPois   .            (helmet restricted)
rElec   .            m - +0 cloak
rCorr   .            (no gloves)
SInv    .            (no boots)
Will    .....        (no amulet) Stlth
                     (no ring)
HPRegen 0.28/turn    (no ring)
MPRegen 0.10/turn

%: no passive effects
@: no status effects
A: horns 1, demonic guardian 1, foul stench 1
a: no special abilities


You were on level 4 of the Dungeon.
You visited 1 branch of the dungeon, and saw 4 of its levels.

You collected 177 gold pieces.

Inventory:

Hand Weapons
 a - a +0 war axe (weapon)
Armour
 b - a +0 scale mail (worn)
 c - a +0 buckler (worn)
 m - a +0 cloak (worn)
Jewellery
 q - a ring of resist corrosion
Scrolls
 e - a scroll of teleportation {unknown}
 f - 2 scrolls of vulnerability {unknown}
 g - 6 scrolls of identify {unknown}
 h - 2 scrolls of revelation {unknown}
 o - a scroll of acquirement {unknown}
 p - 2 scrolls of enchant armour {unknown}
 s - a scroll of enchant weapon {unknown}
 t - a scroll of immolation {unknown}
Potions
 d - 3 potions of might
 i - 3 potions of degeneration {unknown}
 j - a potion of mutation {unknown}
 k - 2 potions of brilliance {unknown}
 l - a potion of resistance {unknown}
 n - 2 potions of invisibility {unknown}
 r - a potion of attraction {unknown}
 u - a potion of curing {unknown}


   Skills:
 + Level 4.2 Fighting
 + Level 3.3 Axes
 + Level 3.9 Armour
 + Level 3.8 Shields


You had 5 spell levels left.
You didn't know any spells.
Your spell library contained the following spells:

 Spells                   Type           Power      Damage    Failure   Level
 Sublimation of Blood     Necr           0%         N/A       91%         2
 Wereblood                Tmut           0%         N/A       91%         2
 Summon Hydra             Summ           0%         N/A       100%        7


Dungeon Overview and Level Annotations

Branches:
Dungeon (4/15)
 Temple: D:4-7

Altars:

Shops:
D:1 [   D:4 (

Annotations:
D:4 Grinder


Innate Abilities, Weirdness & Mutations

You have a pair of small horns on your head.
A weak demonic guardian rushes to your aid.
You may rarely emit foul miasma when damaged in melee.


Message History

Your quasit barely misses Grinder.
Your quasit claws Grinder.
Your quasit barely misses Grinder.
Your shadow imp barely misses Grinder.
Grinder hits your quasit.
Your quasit bites Grinder but does no damage.
Your quasit claws Grinder but does no damage. x2
Your quasit bites Grinder but does no damage.
Your quasit claws Grinder but does no damage. x2
Your shadow imp hits Grinder.
Grinder blinks!
Grinder says, "FISH!"
Grinder blinks!
Your shadow imp disappears in a puff of smoke!
Your quasit bites Grinder.
Your quasit claws Grinder but does no damage.
Your quasit closely misses Grinder.
Grinder says, "Mostly I couldn't keep them alive."
Grinder hits your quasit but does no damage.
Your quasit completely misses Grinder.
Your quasit claws Grinder but does no damage. x2
Your quasit closely misses Grinder.
Your quasit claws Grinder.
Your quasit claws Grinder but does no damage.
Grinder barely misses your quasit.
Your quasit completely misses Grinder.
Your quasit claws Grinder but does no damage.
Your quasit barely misses Grinder.
Grinder misses your quasit.
Your quasit barely misses Grinder. x2; Your quasit claws Grinder.
Grinder blinks!
Your quasit disappears in a puff of smoke!
Grinder gestures at you. Pain shoots through your body!
* * * LOW HITPOINT WARNING * * *
A demonic guardian appears!
You swap places.
Your shadow imp misses Grinder.
Grinder hits your shadow imp.
Your shadow imp misses Grinder.
Grinder is nearby!
Grinder blinks!
You slash Grinder!
Grinder is severely wounded.
Grinder hits you!
You die...
Grinder says, "Now the real fun starts!"

#.# #.# #.#
#######.#########
................#
#######.#######.#
####)..######.#
#..........5#.#
.....#>..####@#.#
###..##.## #5#.#
#. #.# #.#.# #
#.# ##ยง#.# ...
#....# ... #..###
..> #..# #$.#
#..#


You could see Grinder (ally target) and a friendly shadow imp (summoned).

Vanquished Creatures
  2 orc priests (D:3)
  Jessica (D:2)
  Natasha (D:3)
  An orc wizard (D:3)
  Robin (D:2)
  A gnoll (D:3)
  5 adders
  3 worms
  2 dart slugs
  2 orcs
  4 endoplasms
  2 giant cockroaches
  16 goblins
  8 hobgoblins
  6 jackals
  3 quokkas
  3 ball pythons
  4 bats
  5 frilled lizards
  8 kobolds
  7 rats
85 creatures vanquished.

Vanquished Creatures (collateral kills)
  An orc (D:3)
  2 bats (D:2)
3 creatures vanquished.

Grand Total: 88 creatures vanquished

Notes
Turn   | Place    | Note
-------+----------+-------------------------------------------
     0 | D:1      | BinkBink the Demonspawn Fighter began the quest for the
                  | Orb.
     0 | D:1      | Reached XP level 1. HP: 18/18 MP: 1/1
   110 | D:1      | Gained mutation: You have a pair of small horns on your
                  | head. [demonic ancestry]
   110 | D:1      | Reached XP level 2. HP: 24/24 MP: 2/2
   496 | D:1      | Found Huepresi's Armour Shoppe.
   590 | D:2      | Gained mutation: A weak demonic guardian rushes to your
                  | aid. [demonic ancestry]
   590 | D:2      | Reached XP level 3. HP: 27/29 MP: 3/3
   615 | D:2      | Noticed Robin
   629 | D:2      | Killed Robin
   657 | D:2      | Reached XP level 4. HP: 18/35 MP: 4/4
  1174 | D:2      | Noticed Jessica
  1181 | D:2      | Killed Jessica
  1379 | D:3      | Gained mutation: You may rarely emit foul miasma when
                  | damaged in melee. [demonic ancestry]
  1379 | D:3      | Reached XP level 5. HP: 38/42 MP: 5/5
  1464 | D:3      | HP: 2/42 [orc/+0 hand axe (3)]
  1467 | D:3      | Reached skill level 4 in Fighting
  1908 | D:3      | Noticed Natasha
  1919 | D:3      | Killed Natasha
  1920 | D:3      | Reached XP level 6. HP: 29/48 MP: 6/6
  2333 | D:4      | Found Wostaag's Weapon Shop.
  2407 | D:4      | Identified the +0 pair of boots of the Wilderness {*Corrode
                  | Will+ Str+3}
  2559 | D:4      | Noticed Grinder
  2575 | D:4      | Paralysed by Grinder for 3 turns
  2581 | D:4      | Paralysed by Grinder for 5 turns
  2592 | D:4      | Paralysed by Grinder for 2 turns
  2614 | D:4      | Slain by Grinder

Illustrated notes

Levels and vault maps discovered:
D:1:      lightli_arrival_flooded_house, layout_rooms, serial_shops,
          nicolae_shop_pleasant_corner_grove
D:2:      layout_rooms, minmay_heptomino_l4, uniq_robin, uniq_jessica
D:3:      layout_basic, serial_glass, glass_columns_a, glass_columns_b,
          kennysheep_generic_room_10, uniq_natasha
D:4:      layout_loops_ring, nicolae_overflow_crystal_walls, old_standard_altar,
          mainiacjoe_overflow_catch_the_wave, serial_shops, shop,
          nicolae_zen_rock_garden, uniq_duvessa, uniq_grinder

Skill      XL: |  1  2  3  4  5 |
---------------+----------------+-----
Axes           | 2 3 |  3.3
Armour         | 3 |  3.9
Shields        | 3 |  3.8
Fighting       | 4 |  4.2

Action                     |  1- 3 |  4- 6 || total
---------------------------+-------+-------++-------
  Melee: War axe           |    92 |   132 ||   224
         Headbutt          |     9 |    21 ||    30
 Armour: Scale mail        |    75 |   102 ||   177
  Dodge: Dodged            |    46 |    65 ||   111
  Block: Buckler           |    28 |    32 ||    60

Table legend: (Time is in decaauts)
 A = Elapsed time spent in this place.
 B = Non-inter-level travel time spent in this place.
 C = Inter-level travel time spent in this place.
 D = Time resting spent in this place.
 E = Time spent auto-exploring this place.
 F = Levels seen in this place.
 G = Mean time per level.
                   A        B        C        D        E       F      G
               +--------+--------+--------+--------+--------+-----+--------+
         Total |   2703 |   2604 |     99 |    250 |   1784 |   4 |  675.8 |
       Dungeon |   2703 |   2604 |     99 |    250 |   1784 |   4 |  675.8 |
               +--------+--------+--------+--------+--------+-----+--------+

Top non-repeatable levels by time:
     D:3: 1046 daAuts
     D:2: 738 daAuts
     D:1: 573 daAuts
     D:4: 344 daAuts
